Map: Frostline LE

Players

BigusDickus

  • Race: Protoss Protoss
  • League: Gold
  • Spawn Location: 7:00

wootwoot - Winner!

  • Race: Protoss Protoss
  • League: Silver
  • Spawn Location: 1:00

VOD

Have the link to the VOD?

Description

Time

  • Played on: April 1, 2025, 5:20 p.m.
  • Length: 3:08
Show
View Real Time Build Order
Export as new Build Order

BigusDickus Protoss 

Build Orders:  

Get SALT Encoding   

  12  0:00  Probe  
  13  0:12  Probe  
  14  0:20  Pylon  
  14  0:24  Probe  
  15  0:37  Probe  
  15  0:40  Gateway  
  16  0:45  Probe  
  16  0:46  Assimilator  
  17  0:59  Probe  
  18  1:07  Assimilator  
  18  1:11  Probe  
  19  1:19  Assimilator  
  19  1:20  Gateway  
  19  1:31  Cybernetics Core  
  19  1:33  Probe  
  20  1:45  Pylon  
  20  1:54  Gateway  
  20  2:02  Probe  
  20  2:04  Stalker  
  23  2:22  Zealot  
  23  2:28  Shield Battery  
  25  2:33  Pylon  
  25  2:43  Pylon  
  27  2:45  Shield Battery  
Show
View Real Time Build Order
Export as new Build Order

wootwoot Protoss - Winner!

Build Orders:  

Get SALT Encoding   

  12  0:00  Probe  
  13  0:12  Probe  
  14  0:24  Pylon, Probe  
  15  0:43  Gateway  
  15  0:45  Assimilator  
  15  0:50  Pylon  
  15  1:09  Gateway  
  15  1:12  Gateway  
  16  1:30  Cybernetics Core  
  16  1:32  Probe  
  16  1:44  Probe  
  17  1:55  Stalker x2  
  21  2:24  Adept x2  
Tags
 
Matchup
PvP
Replay Pack
B2M-Replays
Spawn Locations
Cross Positions
Add a new tag
Caveats
  • Supply blocks, unpowered buildings, or Contaminate may cause inaccurate times.
  • Supply counts are checked every 10 seconds.